 Dungeon Crawl Stone Soup version 0.29-a0-885-gb26ba3297d (webtiles) character file.

Game seed: 5763272540491278737

97 jimonade the Magician (level 4, -1/26 (32) HPs)
             Began as a Gnoll Hedge Wizard on July 21, 2022.
             Slain by a wight
             ... wielding a +0 mace
              (2 damage)
             ... on level 3 of the Dungeon.
             The game lasted 00:05:09 (2871 turns).

jimonade the Magician (Gnoll Hedge Wizard)          Turns: 2871, Time: 00:05:10

HP:   -1/26 (32)    AC:  7    Str: 12    XL:     4   Next: 68%
MP:   2/13          EV: 13    Int: 13    God:
Gold: 156           SH:  0    Dex: 11    Spells: 14/17 levels left

rFire   . . .      SeeInvis .   m - staff of conjuration
rCold   . . .      Faith    .   (no shield)
rNeg    . . .      Spirit   .   b - +0 robe
rPois   .          Reflect  .   o - +2 helmet
rElec   .          Harm     .   (no cloak)
rCorr   .          Rampage  .   w - +0 pair of gloves
Will    .....                   z - +0 pair of boots
Stlth   ++........              (no amulet)
HPRegen 0.08/turn               (no ring)
MPRegen 0.13/turn               (no ring)

@: heavily drained
A: fangs 1, strong nose, distributed training
a: no special abilities


You were on level 3 of the Dungeon.
You visited 1 branch of the dungeon, and saw 3 of its levels.

You collected 156 gold pieces.

Inventory:

Hand Weapons
 a - a +0 dagger
 k - a +0 falchion of holy wrath
 p - a +0 spear
 A - a +0 sling
Armour
 b - a +0 robe (worn)
 n - a +0 animal skin
 o - a +2 helmet (worn)
 u - a +0 leather armour
 w - a +0 pair of gloves (worn)
 z - a +0 pair of boots (worn)
Magical Staves
 m - a staff of conjuration (weapon)
Scrolls
 c - a scroll of teleportation {unknown}
 f - 2 scrolls of magic mapping {unknown}
 h - a scroll of brand weapon {unknown}
 i - 4 scrolls of identify {unknown}
 r - a scroll of blinking {unknown}
 t - a scroll of amnesia {unknown}
 y - a scroll of poison {unknown}
Potions
 d - a potion of magic
 e - a potion of berserk rage {unknown}
 g - a potion of flight {unknown}
 j - a potion of curing {unknown}
 l - a potion of haste {unknown}
 q - a potion of cancellation {unknown}
 s - 2 potions of degeneration {unknown}
 v - 2 potions of attraction {unknown}
 x - 2 potions of brilliance {unknown}


   Skills:
 + Level 1.2 Fighting
 + Level 1.2 Short Blades
 + Level 1.2 Long Blades
 + Level 1.2 Axes
 + Level 1.2 Maces & Flails
 + Level 1.2 Polearms
 + Level 1.2 Staves
 + Level 1.2 Ranged Weapons
 + Level 1.2 Throwing
 + Level 1.2 Armour
 + Level 4.7 Dodging
 + Level 4.3 Stealth
 + Level 1.2 Shields
 + Level 1.2 Unarmed Combat
 + Level 7.2 Spellcasting
 + Level 2.3 Conjurations
 + Level 1.0 Hexes
 + Level 2.3 Summonings
 + Level 1.0 Necromancy
 + Level 2.3 Translocations
 + Level 1.0 Transmutations
 + Level 1.0 Fire Magic
 + Level 1.0 Ice Magic
 + Level 1.0 Air Magic
 + Level 1.0 Earth Magic
 + Level 1.0 Poison Magic
 + Level 1.4 Invocations
 + Level 1.2 Evocations


You had 14 spell levels left.
You knew the following spells:

 Your Spells              Type           Power      Damage    Failure   Level
a - Magic Dart            Conj           64%        1d6       6%          1
b - Blink                 Tloc           20%        N/A       9%          2

Your spell library contained the following spells:

 Spells                   Type           Power      Damage    Failure   Level
 Call Imp                 Summ           10%        N/A       9%          2
 Beastly Appendage        Tmut           14%        N/A       10%         1
 Slow                     Hex            28%        N/A       10%         1
 Wereblood                Tmut           7%         N/A       14%         2
 Conjure Flame            Conj/Fire      13%        6-21      22%         3
 Mephitic Cloud           Conj/Pois/Air  12%        N/A       24%         3
 Spider Form              Tmut/Pois      7%         N/A       28%         3


Dungeon Overview and Level Annotations

Branches:
Dungeon (3/15)

Altars:
Kikubaaqudgha


Innate Abilities, Weirdness & Mutations

You have very sharp teeth.
Your uncanny sense of smell can sniff out nearby items.
Your experience applies equally to all skills.


Message History

Press: ? - help, Q - select action, (/) - cycle Shift-Dir - straight line, f/p - wight
Aim: a wight, wielding a +0 mace and wearing a +0 robe (severely damaged, 100% to hit)
You feel a surge of power!
The magic dart hits the wight but does no damage.
The wight is severely damaged.
The wight hits you with a +0 mace.
* * * LOW HITPOINT WARNING * * *
You feel drained.
* * * LOW HITPOINT WARNING * * *
Aiming: Magic Dart (safe; 6% risk of failure)
Press: ? - help, Q - select action, (/) - cycle Shift-Dir - straight line, f/p - wight
Aim: a wight, wielding a +0 mace and wearing a +0 robe (severely damaged, 100% to hit)
You feel a surge of power!
The magic dart hits the wight but does no damage.
The wight is severely damaged.
The wight closely misses you.
Aiming: Magic Dart (safe; 6% risk of failure)
Press: ? - help, Q - select action, (/) - cycle Shift-Dir - straight line, f/p - wight
Aim: a wight, wielding a +0 mace and wearing a +0 robe (heavily damaged, 100% to hit)
You feel a surge of power!
The magic dart hits the wight.
The wight is severely damaged.
The wight hits you with a +0 mace.
* * * LOW HITPOINT WARNING * * *
You feel drained.
* * * LOW HITPOINT WARNING * * *
Aiming: Magic Dart (safe; 6% risk of failure)
Press: ? - help, Q - select action, (/) - cycle Shift-Dir - straight line, f/p - wight
Aim: a wight, wielding a +0 mace and wearing a +0 robe (severely damaged, 100% to hit)
You feel a surge of power!
The magic dart hits the wight but does no damage.
The wight is severely damaged.
The wight completely misses you.
Aiming: Magic Dart (safe; 6% risk of failure)
Press: ? - help, Q - select action, (/) - cycle Shift-Dir - straight line, f/p - wight
Aim: a wight, wielding a +0 mace and wearing a +0 robe (severely damaged, 100% to hit)
You feel a surge of power!
The magic dart hits the wight but does no damage.
The wight is severely damaged.
The wight hits you with a +0 mace.
You die...

#######....$.z...
#..####...#
#........?.
#.######.# #.#
##.##
.######...##
........z..####.
####.).@.......
###.....#####
#......##
#.##.......
#<##.######
#.##.# #.##.#
..##.# .## .#


You could see a wight.

Vanquished Creatures
  Robin (D:2)
  2 adders (D:2)
  3 dart slugs (D:1)
  An orc (D:3)
  4 ball pythons
  4 bats
  2 endoplasms
  10 goblins
  8 hobgoblins
  4 kobolds
  8 quokkas
  2 frilled lizards (D:2)
  5 rats
54 creatures vanquished.

Vanquished Creatures (others)
  5 plants (D:2)
5 creatures vanquished.

Grand Total: 59 creatures vanquished

Notes
Turn   | Place    | Note
-------+----------+-------------------------------------------
     0 | D:1      | jimonade the Gnoll Hedge Wizard began the quest for the
                  | Orb.
     0 | D:1      | Reached XP level 1. HP: 13/13 MP: 8/8
   181 | D:1      | Reached XP level 2. HP: 19/19 MP: 7/10
   207 | D:1      | Found a faded altar of an unknown god.
   735 | D:1      | Reached XP level 3. HP: 25/25 MP: 9/11
  1213 | D:1      | Learned a level 2 spell: Blink
  1214 | D:2      | Found an ancient bone altar of Kikubaaqudgha.
  1217 | D:2      | Noticed Robin
  1302 | D:2      | Reached skill level 1 in Invocations
  1316 | D:2      | Killed Robin
  1447 | D:2      | Reached skill level 1 in Fighting
  1447 | D:2      | Reached skill level 1 in Short Blades
  1447 | D:2      | Reached skill level 1 in Long Blades
  1447 | D:2      | Reached skill level 1 in Axes
  1447 | D:2      | Reached skill level 1 in Maces & Flails
  1447 | D:2      | Reached skill level 1 in Polearms
  1447 | D:2      | Reached skill level 1 in Staves
  1447 | D:2      | Reached skill level 1 in Ranged Weapons
  1447 | D:2      | Reached skill level 1 in Throwing
  1447 | D:2      | Reached skill level 1 in Armour
  1447 | D:2      | Reached skill level 1 in Shields
  1447 | D:2      | Reached skill level 1 in Unarmed Combat
  1447 | D:2      | Reached skill level 1 in Evocations
  1694 | D:2      | Reached XP level 4. HP: 32/32 MP: 10/13
  2045 | D:2      | Reached skill level 1 in Hexes
  2045 | D:2      | Reached skill level 1 in Necromancy
  2045 | D:2      | Reached skill level 1 in Transmutations
  2045 | D:2      | Reached skill level 1 in Fire Magic
  2045 | D:2      | Reached skill level 1 in Ice Magic
  2045 | D:2      | Reached skill level 1 in Air Magic
  2045 | D:2      | Reached skill level 1 in Earth Magic
  2045 | D:2      | Reached skill level 1 in Poison Magic
  2869 | D:3      | HP: 1/26 [wight/+0 mace (2)]
  2871 | D:3      | Slain by a wight

Illustrated notes

Levels and vault maps discovered:
D:1:      dpeg_arrival_tiny_d, layout_basic, serial_rivers,
          chequers_serial_rivers_room_a, chequers_serial_rivers_micro_d,
          chequers_serial_rivers_micro_d, chequers_serial_rivers_large_a,
          shapermc_ecumenical_altar_venn, st_stairs_7
D:2:      layout_basic, basic_altar, st_stairs_7, kennysheep_cluttered_room,
          minivault_26, chequers_mini_garden, corexii_leaking_fountain,
          guppyfry_early_lair_pool, uniq_robin
D:3:      layout_loops_ring, ebering_ghost_rock_garden,
          amcnicky_mini_rare_corridor_liquid

Skill      XL: |  1  2  3  4 |
---------------+-------------+-----
Conjurations   | 2 |  2.3
Summonings     | 2 |  2.3
Translocations | 2 |  2.3
Invocations    | 1 |  1.4
Fighting       | 1 |  1.2
Short Blades   | 1 |  1.2
Long Blades    | 1 |  1.2
Axes           | 1 |  1.2
Maces & Flails | 1 |  1.2
Polearms       | 1 |  1.2
Staves         | 1 |  1.2
Ranged Weapons | 1 |  1.2
Throwing       | 1 |  1.2
Armour         | 1 |  1.2
Shields        | 1 |  1.2
Unarmed Combat | 1 |  1.2
Evocations     | 1 |  1.2
Hexes          | 1 |  1.0
Necromancy     | 1 |  1.0
Transmutations | 1 |  1.0
Fire Magic     | 1 |  1.0
Ice Magic      | 1 |  1.0
Air Magic      | 1 |  1.0
Earth Magic    | 1 |  1.0
Poison Magic   | 1 |  1.0
Dodging        | |  4.7
Stealth        | |  4.3
Spellcasting   | |  7.2

Action                   |  1- 3 |  4- 6 || total
-------------------------+-------+-------++-------
Melee: Staff             |       |     1 ||     1
 Cast: Magic Dart        |    95 |    61 ||   156
Armor: Robe              |     3 |     5 ||     8
Dodge: Dodged            |    11 |    13 ||    24

Table legend: (Time is in decaauts)
 A = Elapsed time spent in this place.
 B = Non-inter-level travel time spent in this place.
 C = Inter-level travel time spent in this place.
 D = Time resting spent in this place.
 E = Time spent auto-exploring this place.
 F = Levels seen in this place.
 G = Mean time per level.
                   A        B        C        D        E       F      G
               +--------+--------+--------+--------+--------+-----+--------+
         Total |   2885 |   2722 |    163 |      0 |   2341 |   3 |  961.7 |
       Dungeon |   2885 |   2722 |    163 |      0 |   2341 |   3 |  961.7 |
               +--------+--------+--------+--------+--------+-----+--------+

Top non-repeatable levels by time:
     D:2: 1398 daAuts
     D:1: 1364 daAuts
     D:3: 122 daAuts
